 Dungeon Crawl Stone Soup version 0.21.0 (webtiles) character file.

30122 dano5757 the Thaumaturge (level 13, 0/101 HPs)
             Began as a Gnoll Warper on Jan 7, 2018.
             Was a High Priest of Vehumet.
             Slain by Rupert
             ... wielding a +1 vampiric great sword
              (23 damage)
             ... on level 6 of the Lair of Beasts.
             The game lasted 01:28:15 (24025 turns).

dano5757 the Thaumaturge (Gnoll Warper)            Turns: 24025, Time: 01:28:16

Health: 0/101      AC: 13    Str: 13    XL:     13   Next: 49%
Magic:  26/26      EV: 18    Int: 24    God:    Vehumet [*****.]
Gold:   535        SH:  4    Dex: 15    Spells: 13/31 levels left

rFire    + . .     SeeInvis +   q - +7 flail "Vewnumm" {crush, rC+}
rCold    + . .     Gourm    .   (no shield)
rNeg     . . .     Faith    .   G - +3 leather armour {rF+}
rPois    +         Spirit   .   C - +0 helmet
rElec    .         Reflect  +   c - scarf {repulsion}
rCorr    .         Harm     .   z - +0 pair of gloves (curse)
MR       .....     Clarity  +   H - +2 pair of boots {Fly}
Stlth    ++++......             O - +4 amulet of reflection
HPRegen  0.26/turn              j - +3 ring of intelligence
MPRegen  0.20/turn              g - ring of Tores {+Blink +Fly rPois Slay+2 SInv}

@: flying, very slightly contaminated, repel missiles
A: distributed training, fangs 1, talons 1, see invisible, clarity, strong nose
a: Renounce Religion, Evoke Blink, Stop Flying


You were on level 6 of the Lair of Beasts.
You worshipped Vehumet.
Vehumet was extremely pleased with you.
You were not hungry.

You visited 3 branches of the dungeon, and saw 17 of its levels.
You also visited: Sewer.

You collected 925 gold pieces.
You spent 390 gold pieces at shops.

Inventory:

Hand Weapons
 p - a +0 quarterstaff of freezing
 q - the +7 flail "Vewnumm" (weapon) {crush, rC+}
   (You took it off Grum on level 9 of the Dungeon)

   It inflicts extra damage upon your enemies.
   It protects you from cold.
Missiles
 e - 5 tomahawks of dispersal (quivered)
 m - 30 tomahawks
Armour
 a - a scarf of spirit shield
 c - a scarf of repulsion (worn)
 u - a +1 robe of cold resistance
 z - a cursed +0 pair of gloves (worn)
 C - a +0 helmet (worn)
 G - a +3 leather armour of fire resistance (worn)
 H - a +2 pair of boots of flying (worn)
Magical Staves
 s - an uncursed staff of fire
Jewellery
 g - the ring of Tores (right hand) {+Blink +Fly rPois Slay+2 SInv}
   (You acquired it on level 9 of the Dungeon)

   [ring of slaying]

   It affects your accuracy and damage with ranged weapons and melee attacks
   (+2).
   It protects you from poison.
   It lets you see invisible.
   It lets you fly.
   It lets you blink.
 j - a +3 ring of intelligence (left hand)
 k - a +4 ring of dexterity
 l - an uncursed ring of ice
 o - an uncursed ring of protection from magic
 B - an uncursed amulet of magic regeneration
 D - an uncursed ring of positive energy
 K - an uncursed ring of protection from magic
 O - a +4 amulet of reflection (around neck)
 R - an uncursed amulet of guardian spirit
 S - an uncursed ring of positive energy
Wands
 y - a wand of paralysis (35)
 E - a wand of acid (10)
 F - a wand of iceblast (15)
 I - a wand of polymorph (32)
 N - a wand of enslavement (4)
Scrolls
 d - a scroll of fear
 h - a scroll of teleportation
 n - 2 scrolls of magic mapping
 t - 2 scrolls of immolation
 x - 3 scrolls of remove curse
 J - 2 scrolls of amnesia
 L - 2 scrolls of summoning
Potions
 i - 4 potions of brilliance
 r - 8 potions of curing
 w - 2 potions of cancellation
 M - a potion of haste
 Q - a potion of resistance
Comestibles
 f - 17 rations


   Skills:
 + Level 9.4 Fighting
 + Level 8.2 Short Blades
 + Level 8.2 Long Blades
 + Level 8.2 Axes
 + Level 9.4 Maces & Flails
 + Level 8.2 Polearms
 + Level 8.2 Staves
 + Level 8.2 Slings
 + Level 8.2 Bows
 + Level 8.2 Crossbows
 + Level 8.6 Throwing
 + Level 8.6 Armour
 + Level 9.4 Dodging
 + Level 8.2 Stealth
 + Level 8.2 Shields
 + Level 8.2 Unarmed Combat
 + Level 9.6 Spellcasting
 + Level 6.8 Conjurations
 + Level 6.8 Hexes
 + Level 6.8 Charms
 + Level 6.8 Summonings
 + Level 6.8 Necromancy
 + Level 8.8 Translocations
 + Level 6.8 Transmutations
 + Level 6.8 Fire Magic
 + Level 6.8 Ice Magic
 + Level 6.8 Air Magic
 + Level 6.8 Earth Magic
 + Level 6.8 Poison Magic
 + Level 9.0 Invocations
 + Level 8.2 Evocations


You had 13 spell levels left.
You knew the following spells:

 Your Spells              Type           Power        Failure   Level  Hunger
a - Flame Tongue          Conj/Fire      #####        1%          1    None
b - Magic Dart            Conj           ####         1%          1    None
c - Stone Arrow           Conj/Erth      #####.       1%          3    None
d - Conjure Flame         Conj/Fire      #####...     1%          3    None
e - Apportation           Tloc           ######       1%          1    None
f - Iskenderun's Mystic   Conj           #####...     1%          4    #......
g - Bolt of Magma         Conj/Fire/Erth #####.....   3%          5    ####...


Dungeon Overview and Level Annotations

Branches:
Dungeon (10/15)            Temple (1/1) D:6            Lair (6/6) D:10
  Swamp (0/4) Lair:2        Snake (0/4) Lair:3        Slime (0/5) Lair:5
    Orc: D:9-12

Altars:
Ashenzari
Cheibriados
Dithmenos
Elyvilon
Fedhas
Gozag
Hepliaklqana
Kikubaaqudgha
Makhleb
Nemelex Xobeh
Okawaru
Qazlal
Ru
Sif Muna
Trog
Uskayaw
Vehumet
Wu Jian
Xom
Yredelemnul
Zin
The Shining One

Shops:
D:5 ?   D:6 *((

Annotations:
D:5 Grinder, Menkaure
Lair:1 exclusion: oklob plant, lastplaneout's ghost, journeyman TrBe; ricardofg's ghost, journeyman GrWz
Lair:6 Kirke; Rupert


Innate Abilities, Weirdness & Mutations

Your experience applies equally to all skills.
You have very sharp teeth.
Your uncanny sense of smell can sniff out nearby items.
You have sharp toenails.
You have supernaturally acute eyesight. (SInv)
You possess an exceptional clarity of mind.


Message History

Evoke which item? (* to show all) (? for menu, Esc to quit)
Aiming: Corrosive Bolt
Press: ? - help, Shift-Dir - straight line, f - Rupert
Aim: Rupert, wielding a vampiric great sword and wearing a shiny ring mail (heavily wounded, berserk, fast, unusually strong)
The bolt of acid hits Rupert.
Rupert is splashed with acid.
Rupert is heavily wounded.
Evoke which item? (* to show all) (? for menu, Esc to quit)
Aiming: Corrosive Bolt
Press: ? - help, Shift-Dir - straight line, f/p - Rupert
Aim: Rupert, wielding a vampiric great sword and wearing a shiny ring mail (heavily wounded, berserk, fast, unusually strong)
The bolt of acid hits Rupert.
Rupert is splashed with acid.
Rupert is severely wounded.
Evoke which item? (* to show all) (? for menu, Esc to quit)
Aiming: Corrosive Bolt
Press: ? - help, Shift-Dir - straight line, f/p - Rupert
Aim: Rupert, wielding a vampiric great sword and wearing a shiny ring mail (severely wounded, berserk, fast, unusually strong)
The bolt of acid misses Rupert.
The bolt of acid misses the blink frog.
The blink frog blinks!
Rupert hits you with a vampiric great sword!!
You die...

######....######......P...#...##.
#.##.....#..# #..#.....<.........
.........##.###...#..............
.....#P.##..........P§.#.......##
..P#............#.....#.....P#.##
...........#...##............###
...........#.#..#....#........###
..#...P..........@...P...P....#P.
..###.......##.P@F#..............
...#.##...######..#..P.#.#.......
[....##..### #....#...###..#....
.....P#..#.# ##....P..# #..##...
......##..# #.P.PP..# #...##.#
.......#..# ####P..## #..##..#
....P....## ##.###..#####.###..
.........# #..#..#...##(.# #..
.........# ##........h....###..


You could see Rupert (berserk) and a blink frog.

Vanquished Creatures
  Nessos (Lair:6)
  Fannar (Lair:1)
  2 hydras
  Erica (D:9)
  2 two-headed ogres
  Sonja (D:10)
  A necromancer (D:9)
  3 elephants (Lair:6)
  5 black mambas
  Joseph (D:9)
  Maurice (D:9)
  6 spiny frogs
  3 rime drakes
  A komodo dragon (Lair:4)
  Prince Ribbit (D:5)
  2 trolls (D:9)
  7 blink frogs
  7 hippogriffs
  5 dream sheep (Lair:5)
  30 yaks
  Grum (D:9)
  3 basilisks
  5 hogs
  A naga (Lair:3)
  5 water moccasins
  7 porcupines
  5 orc warriors
  3 ice beasts
  2 sky beasts
  An ogre (D:9)
  33 wolves
  A centaur (D:10)
  4 crocodiles
  3 big kobolds
  9 bullfrogs
  2 scorpions
  3 killer bees (D:10)
  An electric eel (Lair:6)
  5 howler monkeys
  3 crimson imps
  2 bullfrog zombies (D:8)
  3 jellies
  2 orc priests
  9 hounds
  16 orc wizards
  2 centaur skeletons
  2 iguanas (D:7)
  A bullfrog skeleton (D:9)
  Ijyb (D:4)
  2 polar bear simulacra (D:9)
  8 worker ants
  2 yak simulacra (D:9)
  3 wolf simulacra (D:9)
  2 hound zombies
  A worker ant zombie (D:5)
  13 adders
  9 river rats
  4 shadow imps
  2 oozes (Lair:5)
  2 adder skeletons
  4 worms
  4 dart slugs
  7 leopard geckos
  28 orcs
  9 ball pythons
  6 bats
  4 giant cockroaches
  7 goblins
  6 hobgoblins
  21 jackals
  32 kobolds
  5 quokkas
  4 frilled lizards
  A jackal skeleton (D:4)
  A jackal zombie (D:5)
  2 leopard gecko skeletons
  25 rats
  4 river rat simulacra (D:9)
  A fungus (Lair:5)
  A plant (Lair:6)
436 creatures vanquished.

Vanquished Creatures (others)
  A quokka (D:8)
  A bush (Lair:6)
  20 fungi
  6 plants
28 creatures vanquished.

Grand Total: 464 creatures vanquished

Notes
Turn   | Place    | Note
-------+----------+-------------------------------------------
     0 | D:1      | dano5757 the Gnoll Warper began the quest for the Orb.
     0 | D:1      | Reached XP level 1. HP: 20/20 MP: 6/6
   174 | D:1      | Reached XP level 2. HP: 26/26 MP: 7/7
   619 | D:1      | Reached XP level 3. HP: 31/31 MP: 9/9
   645 | D:1      | Reached skill level 5 in Spellcasting
   946 | D:2      | Reached skill level 1 in Invocations
  1209 | D:2      | Reached skill level 1 in Short Blades
  1209 | D:2      | Reached skill level 1 in Long Blades
  1209 | D:2      | Reached skill level 1 in Axes
  1209 | D:2      | Reached skill level 1 in Polearms
  1209 | D:2      | Reached skill level 1 in Staves
  1209 | D:2      | Reached skill level 1 in Slings
  1209 | D:2      | Reached skill level 1 in Bows
  1209 | D:2      | Reached skill level 1 in Crossbows
  1209 | D:2      | Reached skill level 1 in Stealth
  1209 | D:2      | Reached skill level 1 in Shields
  1209 | D:2      | Reached skill level 1 in Unarmed Combat
  1209 | D:2      | Reached skill level 1 in Evocations
  1209 | D:2      | Reached XP level 4. HP: 33/38 MP: 11/11
  1516 | D:2      | Reached skill level 1 in Conjurations
  1516 | D:2      | Reached skill level 1 in Hexes
  1516 | D:2      | Reached skill level 1 in Charms
  1516 | D:2      | Reached skill level 1 in Summonings
  1516 | D:2      | Reached skill level 1 in Necromancy
  1516 | D:2      | Reached skill level 1 in Transmutations
  1516 | D:2      | Reached skill level 1 in Fire Magic
  1516 | D:2      | Reached skill level 1 in Ice Magic
  1516 | D:2      | Reached skill level 1 in Air Magic
  1516 | D:2      | Reached skill level 1 in Earth Magic
  1516 | D:2      | Reached skill level 1 in Poison Magic
  2062 | D:3      | Found a glowing drain.
  2073 | D:3      | Reached XP level 5. HP: 41/43 MP: 12/12
  2107 | Sewer    | Entered a sewer
  2733 | Sewer    | Noticed a big kobold
  2763 | Sewer    | Killed a big kobold
  2763 | Sewer    | Reached XP level 6. HP: 15/50 MP: 13/13
  3361 | Sewer    | Reached skill level 5 in Fighting
  3361 | Sewer    | Reached skill level 5 in Maces & Flails
  3361 | Sewer    | Reached skill level 5 in Dodging
  4797 | D:4      | Reached XP level 7. HP: 32/56 MP: 15/15
  5114 | D:4      | Found a shimmering altar of Xom.
  5613 | D:4      | Noticed Ijyb
  5657 | D:4      | Killed Ijyb
  5804 | D:5      | Entered Level 5 of the Dungeon
  6102 | D:5      | Noticed Menkaure
  6125 | D:5      | Noticed Prince Ribbit
  6335 | D:6      | Found Xayqu's Antique Weapon Shoppe.
  6524 | D:5      | Found an ornate altar of the Wu Jian Council.
  6707 | D:5      | Reached XP level 8. HP: 53/63 MP: 16/16
  6906 | D:5      | Killed Prince Ribbit
  7106 | D:5      | Found a sacrificial altar of Ru.
  7131 | D:5      | Found Kecol's Magic Scroll Emporium.
  7139 | D:5      | Bought a scroll of identify for 22 gold pieces
  7139 | D:5      | Bought a scroll of teleportation for 33 gold pieces
  7139 | D:5      | Bought a scroll of amnesia for 38 gold pieces
  7139 | D:5      | Bought a scroll of vulnerability for 82 gold pieces
  7157 | D:5      | Noticed Grinder
  7220 | D:6      | Found Ethim's Weapon Boutique.
  7410 | D:6      | Found a staircase to the Ecumenical Temple.
  7416 | Temple   | Entered the Ecumenical Temple
  7488 | Temple   | Became a worshipper of Vehumet
  7840 | D:6      | Found Nauket's General Store.
  8057 | D:6      | Found a hazy altar of Hepliaklqana.
  8340 | D:7      | Found an opulent altar of Gozag.
  8358 | D:7      | Reached XP level 9. HP: 68/69 MP: 18/18
  8565 | D:7      | Found a burning altar of Makhleb.
  8569 | D:7      | Found a glowing silver altar of Zin.
  8570 | D:7      | Noticed an Executioner
  8570 | D:7      | Noticed an angel
  9073 | D:7      | Found a deep blue altar of Sif Muna.
  9086 | D:7      | Reached * piety under Vehumet
  9086 | D:7      | Offered knowledge of Flame Tongue by Vehumet.
  9094 | D:7      | Learned a level 1 spell: Flame Tongue
  9475 | D:8      | Learned a level 1 spell: Magic Dart
  9531 | D:8      | Reached skill level 5 in Throwing
  9531 | D:8      | Reached skill level 5 in Armour
  9983 | D:8      | Found a shattered altar of Ashenzari.
 10032 | D:8      | Reached skill level 5 in Invocations
 10186 | D:8      | Offered knowledge of Freeze by Vehumet.
 10195 | D:8      | Noticed a two-headed ogre
 10337 | D:8      | Killed a two-headed ogre
 10337 | D:8      | Reached XP level 10. HP: 22/77 MP: 20/20
 10645 | D:8      | Found a white marble altar of Elyvilon.
 10751 | D:8      | Found a shadowy altar of Dithmenos.
 10869 | D:9      | Noticed Maurice
 10872 | D:9      | Killed Maurice
 10872 | D:9      | Reached skill level 5 in Short Blades
 10872 | D:9      | Reached skill level 5 in Long Blades
 10872 | D:9      | Reached skill level 5 in Axes
 10872 | D:9      | Reached skill level 5 in Polearms
 10872 | D:9      | Reached skill level 5 in Staves
 10872 | D:9      | Reached skill level 5 in Slings
 10872 | D:9      | Reached skill level 5 in Bows
 10872 | D:9      | Reached skill level 5 in Crossbows
 10872 | D:9      | Reached skill level 5 in Stealth
 10872 | D:9      | Reached skill level 5 in Shields
 10872 | D:9      | Reached skill level 5 in Unarmed Combat
 10872 | D:9      | Reached skill level 5 in Evocations
 10880 | D:9      | Noticed Joseph
 11113 | D:9      | Reached ** piety under Vehumet
 12034 | D:9      | Killed Joseph
 12135 | D:9      | Noticed a two-headed ogre
 12144 | D:9      | HP: 1/79 [two-headed ogre/giant club (12)]
 12145 | D:9      | Killed a two-headed ogre
 12509 | D:9      | Noticed Grum
 12538 | D:9      | Noticed Erica
 12552 | D:9      | Killed Erica
 12552 | D:9      | Reached XP level 11. HP: 63/84 MP: 22/22
 12746 | D:9      | Identified a scroll of acquirement
 12751 | D:9      | Got a shimmering turquoise ring
 12753 | D:9      | Identified the ring of Tores {+Blink +Fly rPois Slay+2 SInv} (You acquired it on level 9 of the Dungeon)
 12821 | D:9      | Killed Grum
 12841 | D:9      | Got a crude flail {crush}
 12842 | D:9      | Identified the +7 flail "Vewnumm" {crush, rC+} (You took it off Grum on level 9 of the Dungeon)
 13060 | D:9      | Noticed a necromancer
 13070 | D:9      | Killed a necromancer
 13138 | D:9      | Offered knowledge of Stone Arrow by Vehumet.
 13138 | D:9      | Reached skill level 5 in Conjurations
 13138 | D:9      | Reached skill level 5 in Hexes
 13138 | D:9      | Reached skill level 5 in Charms
 13138 | D:9      | Reached skill level 5 in Summonings
 13138 | D:9      | Reached skill level 5 in Necromancy
 13138 | D:9      | Reached skill level 5 in Transmutations
 13138 | D:9      | Reached skill level 5 in Fire Magic
 13138 | D:9      | Reached skill level 5 in Ice Magic
 13138 | D:9      | Reached skill level 5 in Air Magic
 13138 | D:9      | Reached skill level 5 in Earth Magic
 13138 | D:9      | Reached skill level 5 in Poison Magic
 13150 | D:9      | Learned a level 3 spell: Stone Arrow
 13187 | D:9      | Learned a level 3 spell: Conjure Flame
 13233 | D:10     | Entered Level 10 of the Dungeon
 13246 | D:10     | Reached *** piety under Vehumet
 13996 | D:10     | Offered knowledge of Airstrike by Vehumet.
 14164 | D:10     | Noticed Sonja
 14174 | D:10     | Killed Sonja
 14733 | D:10     | Found a staircase to the Lair.
 15047 | D:6      | Bought a +2 pair of boots of flying for 215 gold pieces
 15191 | Lair:1   | Entered Level 1 of the Lair of Beasts
 15195 | Lair:1   | Learned a level 1 spell: Apportation
 15200 | Lair:1   | Learned a level 4 spell: Iskenderun's Mystic Blast
 15361 | Lair:1   | Noticed Fannar
 15405 | Lair:1   | Killed Fannar
 15426 | Lair:1   | Noticed an oklob plant
 15801 | Lair:1   | Noticed ricardofg's ghost (journeyman GrWz)
 15808 | Lair:1   | Noticed lastplaneout's ghost (journeyman TrBe)
 16123 | Lair:2   | Reached XP level 12. HP: 71/93 MP: 24/24
 16225 | Lair:2   | Noticed a five-headed hydra
 16234 | Lair:2   | Killed a five-headed hydra
 16583 | Lair:2   | Found a staircase to the Swamp.
 16671 | Lair:2   | Reached **** piety under Vehumet
 17098 | Lair:1   | Offered knowledge of Lee's Rapid Deconstruction by Vehumet.
 17884 | Lair:3   | Found a staircase to the Snake Pit.
 19065 | Lair:3   | Gained mutation: You are dopey. (Int -2) [potion of mutation]
 19065 | Lair:3   | Gained mutation: You have sharp toenails. [potion of mutation]
 19065 | Lair:3   | Gained mutation: You have sharp fingernails. [potion of mutation]
 19066 | Lair:3   | Lost mutation: You are dopey. (Int -2) [potion of mutation]
 19066 | Lair:3   | Lost mutation: You have sharp fingernails. [potion of mutation]
 19066 | Lair:3   | Gained mutation: You have supernaturally acute eyesight. (SInv) [potion of mutation]
 19066 | Lair:3   | Gained mutation: You possess an exceptional clarity of mind. [potion of mutation]
 19526 | Lair:4   | Noticed an eight-headed hydra
 19821 | Lair:4   | Killed an eight-headed hydra
 21207 | Lair:5   | Reached ***** piety under Vehumet
 21449 | Lair:5   | Reached XP level 13. HP: 95/101 MP: 14/26
 21478 | Lair:5   | Found a staircase to the Slime Pits.
 21580 | Lair:5   | Offered knowledge of Bolt of Magma by Vehumet.
 21596 | Lair:5   | Learned a level 5 spell: Bolt of Magma
 22576 | Lair:6   | Entered Level 6 of the Lair of Beasts
 22601 | Lair:6   | Noticed Kirke
 23386 | Lair:6   | Noticed Nessos
 23403 | Lair:6   | Killed Nessos
 23517 | Lair:6   | Noticed Rupert
 24025 | Lair:6   | Slain by Rupert

Skill      XL: |  1  2  3  4  5  6  7  8  9 10 11 12 13 |
---------------+----------------------------------------+-----
Spellcasting   | 5 6 7 8 9 |  9.6
Invocations    | 1 2 3 4 5 6 7 8 9 |  9.0
Short Blades   | 1 2 3 4 5 6 7 8 |  8.2
Long Blades    | 1 2 3 4 5 6 7 8 |  8.2
Axes           | 1 2 3 4 5 6 7 8 |  8.2
Polearms       | 1 2 3 4 5 6 7 8 |  8.2
Staves         | 1 2 3 4 5 6 7 8 |  8.2
Slings         | 1 2 3 4 5 6 7 8 |  8.2
Bows           | 1 2 3 4 5 6 7 8 |  8.2
Crossbows      | 1 2 3 4 5 6 7 8 |  8.2
Stealth        | 1 2 3 4 5 6 7 8 |  8.2
Shields        | 1 2 3 4 5 6 7 8 |  8.2
Unarmed Combat | 1 2 3 4 5 6 7 8 |  8.2
Evocations     | 1 2 3 4 5 6 7 8 |  8.2
Conjurations   | 1 2 3 4 5 6 |  6.8
Hexes          | 1 2 3 4 5 6 |  6.8
Charms         | 1 2 3 4 5 6 |  6.8
Summonings     | 1 2 3 4 5 6 |  6.8
Necromancy     | 1 2 3 4 5 6 |  6.8
Transmutations | 1 2 3 4 5 6 |  6.8
Fire Magic     | 1 2 3 4 5 6 |  6.8
Ice Magic      | 1 2 3 4 5 6 |  6.8
Air Magic      | 1 2 3 4 5 6 |  6.8
Earth Magic    | 1 2 3 4 5 6 |  6.8
Poison Magic   | 1 2 3 4 5 6 |  6.8
Throwing       | 3 4 5 6 7 8 |  8.6
Armour         | 3 4 5 6 7 8 |  8.6
Fighting       | 5 6 7 8 9 |  9.4
Maces & Flails | 5 6 7 8 9 |  9.4
Dodging        | 5 6 7 8 9 |  9.4
Translocations | 6 7 8 |  8.8

Action                   |  1- 3 |  4- 6 |  7- 9 | 10-12 | 13-15 || total
-------------------------+-------+-------+-------+-------+-------++-------
Melee: Mace              |   116 |   328 |   368 |       |       ||   812
       Bite              |    13 |    26 |    66 |    72 |    20 ||   197
       Punch             |       |     2 |     3 |    17 |     5 ||    27
       Morningstar       |       |       |   163 |   138 |       ||   301
       Flail             |       |       |       |   546 |   187 ||   733
 Cast: Apportation       |       |       |       |     1 |       ||     1
       Iskenderun's Myst |       |       |       |    13 |     1 ||    14
       Magic Dart        |       |       |       |     3 |       ||     3
       Stone Arrow       |       |       |       |       |     1 ||     1
Evoke: Wand              |       |       |     6 |    25 |    13 ||    44
  Use: Scroll            |       |    10 |     5 |    12 |     8 ||    35
       Potion            |       |       |    12 |     6 |     6 ||    24
 Stab: Sleeping          |     3 |     2 |     8 |     2 |     4 ||    19
       Distracted        |       |       |     2 |     3 |       ||     5
       Invisible         |       |       |       |       |     6 ||     6
  Eat: Chunk             |     1 |     9 |    14 |    18 |     5 ||    47
       Ration            |       |     1 |     2 |     5 |     1 ||     9
Armor: Leather armour    |    12 |    53 |   197 |   179 |    52 ||   493
       Skin              |       |       |       |    30 |       ||    30
Dodge: Dodged            |    94 |   244 |   412 |   581 |   146 ||  1477
       Deflected         |       |       |       |     2 |     3 ||     5
Block: Other             |       |       |       |     8 |    41 ||    49
